 Dungeon Crawl Stone Soup version 0.17-a0-1647-gb11a595 (webtiles) character file.

144 Chiseanne the Skirmisher (level 5, -1/43 HPs)
             Began as a Demonspawn Wanderer on Aug 12, 2015.
             Was an Initiate of Gozag.
             Killed from afar by Sigmund (3 damage)
             ... with a puff of flame
             ... on level 3 of the Dungeon.
             The game lasted 00:06:17 (3064 turns).

Chiseanne the Skirmisher (Demonspawn Wanderer)      Turns: 3064, Time: 00:06:17

Health: -1/43      AC:  6    Str: 13    XL:     5   Next: 5%
Magic:  5/5        EV: 12    Int: 12    God:    Gozag
Gold:   404        SH:  2    Dex: 14    Spells: 0 memorised, 4 levels left

rFire  . . .     SeeInvis .     a - +2 dagger
rCold  . . .     Clarity  .     r - +2 robe {rN+}
rNeg   + . .     SustAt   .     (no shield)
rPois  .         Gourm    .     (no helmet)
rElec  .         Spirit   .     (no cloak)
rCorr  .         Warding  .     (no gloves)
rMut   .         Stasis   .     (no boots)
MR     .....                    (no amulet)
Stlth  ++........               (no ring)
                                (no ring)

@: very slightly contaminated, slowed, very slow, not resistant to hostile
enchantments, unstealthy
A: large bone plates 1, rot immunity
a: Potion Petition, Call Merchant, Bribe Branch, Renounce Religion


You were on level 3 of the Dungeon.
You worshipped Gozag.
Gozag was noncommittal.
You were not hungry.

You visited 1 branch of the dungeon, and saw 3 of its levels.

You collected 423 gold pieces.
You paid 19 gold pieces to Gozag.

Inventory:

Hand weapons
 a - a +2 dagger (weapon)
 j - a +2 long sword of holy wrath
Missiles
 g - 25 sling bullets
 i - 40 poisoned needles
 k - a throwing net (quivered)
 p - 27 arrows
 s - 24 poisoned bolts
 u - 12 bolts
Armour
 r - a +2 robe of positive energy (worn)
Magical devices
 l - a wand of invisibility (0)
Scrolls
 b - a scroll of blinking
 c - 4 scrolls of teleportation
 d - 2 scrolls of remove curse
 f - a scroll of identify
Comestibles
 e - 3 bread rations
 h - a beef jerky
 n - 3 meat rations
 t - 3 fruits


   Skills:
 * Level 4.3 Fighting
 - Level 1.7 Short Blades
 * Level 2.2 Armour
 * Level 2.3 Dodging
 - Level 1.7 Stealth
   Level 1.0 Shields
 - Level 1.0 Evocations


You had 4 spell levels left.
You didn't know any spells.

Dungeon Overview and Level Annotations

Branches:
Dungeon (3/15)

Altars:
Ashenzari
Gozag
Ru
Trog
Yredelemnul

Annotations:
D:3 Sigmund


Innate Abilities, Weirdness & Mutations

You are partially covered in large bone plates (AC +2, SH +2).
You are immune to rotting.


Message History

You are confused.
You bump into the rock wall.
You hear a zap.
You feel as though you will be slow longer.
You hear a zap.
You feel as though you will be slow longer.
You bump into the closed door.
You hear a zap.
You bump into the closed door.
You start to feel less resistant.
You feel less confused.
Your resistance to elements expires.
There is a dry fountain here.
Something hits you.
* * * LOW HITPOINT WARNING * * *
You hear some strange, mumbled words.
A puff of flame appears from out of thin air!
The puff of flame hits you!
You die...
Your body crumbles into a pile of gold.

#.# #....#
##.#####....#
#####..#.....##....
#......#.#.#.##..#.
#............###.#
#.....##.#....# .#
#.....#...#.....?#
#.........#.......#
#.@###....#.##.....
###..#⌠...+##.⌠#.....
#....{.........#.....
#.#####.......# ###..
#.#...#.......#
#.#...+..._...+ .
#.#...#.......# ....
#.###.#.......#..##..
#..............#.....


There were no monsters in sight!

Vanquished Creatures
  Jessica (D:2)
  5 adders (D:2)
  2 giant geckos
  4 bats
  7 giant cockroaches
  9 hobgoblins
  12 jackals (D:2)
  10 kobolds
  2 ball pythons (D:3)
  7 giant newts
  7 goblins
  9 rats
75 creatures vanquished.

Notes
Turn   | Place    | Note
--------------------------------------------------------------
     0 | D:1      | Chiseanne the Demonspawn Wanderer began the quest for the Orb.
     0 | D:1      | Chiseanne set off with: a +2 dagger, a scroll of blinking, 2 scrolls of teleportation, a +0 robe, a bread ration
     0 | D:1      | Reached XP level 1. HP: 18/18 MP: 1/1
   485 | D:1      | Gained mutation: You are partially covered in large bone plates (AC +2, SH +2). [demonic ancestry]
   485 | D:1      | Reached XP level 2. HP: 21/24 MP: 2/2
  1112 | D:2      | Found a faded altar to an unknown god.
  1128 | D:2      | Gained mutation: You are immune to rotting. [demonic ancestry]
  1128 | D:2      | Reached XP level 3. HP: 28/30 MP: 3/3
  1150 | D:2      | Reached skill level 1 in Armour
  1263 | D:2      | Found an opulent altar of Gozag.
  1284 | D:2      | Became a worshipper of Gozag Ym Sagoz the Greedy
  1402 | D:2      | Noticed Jessica
  1416 | D:2      | Found a bloodstained altar of Trog.
  1432 | D:2      | HP: 1/30 [something (3)]
  1433 | D:2      | Killed Jessica
  1433 | D:2      | Reached skill level 4 in Fighting
  1433 | D:2      | Reached XP level 4. HP: 1/37 MP: 4/4
  1782 | D:2      | Found a basalt altar of Yredelemnul.
  2845 | D:3      | Found a sacrificial altar of Ru.
  2857 | D:3      | Reached XP level 5. HP: 32/42 MP: 5/5
  2947 | D:3      | Found a shattered altar of Ashenzari.
  3011 | D:3      | Noticed Sigmund
  3062 | D:3      | HP: 2/43 [something (4)]
  3064 | D:3      | Killed from afar by Sigmund

Vault maps used:
D:1:      ncdulo_halloftheorcs
D:2:      nicolae_gozag_seed_capital, overflow_temple_1_default,
          lemuel_doored_altar, ecumenical_altar_2, first_bread, st_stairs_7,
          grunt_decor_resistance, uniq_jessica
D:3:      grunt_temple_overflow_growth_and_decay, evilmike_ruin_ashenzari,
          nicolae_ru_great_annihilating_truth, uniq_sigmund

Action                   |  1- 3 |  4- 6 || total
-------------------------+-------+-------++-------
Melee: Dagger            |   186 |   146 ||   332
Evoke: Wand              |       |     2 ||     2
  Use: Scroll            |     4 |     6 ||    10
       Potion            |     1 |     4 ||     5
 Stab: Sleeping          |     1 |     3 ||     4
       Distracted        |       |     1 ||     1
       Paralysed         |       |     1 ||     1
       Invisible         |       |     1 ||     1
  Eat: Chunk             |     2 |       ||     2
       Fruit             |       |     4 ||     4
       Royal jelly       |       |     1 ||     1
